 Dungeon Crawl Stone Soup version 0.30.0-29-ga12c61a403 (webtiles) character file.

Game seed: 970896672936068249

238 ChadusMaximus the Shield-Bearer (level 6, -4/49 HPs)
             Began as a Formicid Fighter on June 18, 2023.
             Killed from afar by an oklob sapling (17 damage)
             ... with a splash of acid
             ... on level 4 of the Dungeon.
             The game lasted 00:01:53 (2363 turns).

ChadusMaximus the Shield-Bearer (Formicid Fighter)  Turns: 2363, Time: 00:01:53

Health: -4/49      AC:  5    Str: 22    XL:     6   Next: 28%
Magic:  6/6        EV:  8    Int:  8    God:
Gold:   282        SH:  5    Dex: 13    Spells: 5/5 levels left

rFire   . . .        a - +0 war axe
rCold   . . .        c - +0 buckler
rNeg    . . .        q - +0 chain mail
rPois   .            (helmet unavailable)
rElec   .            (no cloak)
rCorr   .            (no gloves)
SInv    +            (no boots)
Will    .....        (no amulet) Stlth
                     k - ring of flight
HPRegen 0.28/turn    (no ring)
MPRegen 0.10/turn

%: no passive effects
@: corroded, flying
A: permanent stasis, dig shafts and tunnels, antennae 3, four strong arms
a: Dig, Shaft Self


You were on level 4 of the Dungeon.
You visited 1 branch of the dungeon, and saw 4 of its levels.

You collected 282 gold pieces.

Inventory:

Hand Weapons
 a - a +0 war axe (weapon)
Armour
 b - a +0 scale mail
 c - a +0 buckler (worn)
 q - a +0 chain mail (worn)
Jewellery
 k - a ring of flight (left hand)
 t - a ring of magical power
Wands
 n - a wand of charming (4)
Scrolls
 e - a scroll of magic mapping {unknown}
 f - a scroll of enchant weapon {unknown}
 i - 3 scrolls of teleportation {unknown}
 l - 2 scrolls of identify {unknown}
 m - a scroll of fog {unknown}
 r - a scroll of immolation {unknown}
 s - 2 scrolls of vulnerability {unknown}
 u - a scroll of silence {unknown}
Potions
 d - 2 potions of might
 g - 2 potions of resistance {unknown}
 h - a potion of haste {unknown}
 j - 3 potions of heal wounds {unknown}
 o - a potion of attraction {unknown}
 p - 2 potions of curing {unknown}
Miscellaneous
 v - a piece from Xom's chessboard (15/15)


   Skills:
 + Level 4.4 Fighting
 * Level 3.9 Axes
 + Level 4.4 Armour
 + Level 5.3 Shields


You had 5 spell levels left.
You didn't know any spells.
Your spell library contained the following spells:

 Spells                   Type           Power      Damage    Failure   Level
 Poisonous Vapours        Pois/Air       0%         N/A       99%         2
 Static Discharge         Conj/Air       0%         2-2/arc   99%         2
 Hailstorm                Conj/Ice       0%         3d3       100%        3
 Mephitic Cloud           Conj/Pois/Air  0%         N/A       100%        3
 Stone Arrow              Conj/Erth      0%         3d7       100%        3
 Volatile Blastmotes      Fire/Tloc      0%         2d10      100%        3
 Airstrike                Air            0%         2d(0-16)  100%        4
 Animate Armour           Summ/Erth      0%         N/A       100%        4
 Fulminant Prism          Conj/Hex       0%         3d5       100%        4
 Ice Form                 Ice/Tmut       0%         N/A       100%        4
 Iskenderun's Mystic Bla  Conj/Tloc      0%         2d3       100%        4
 Summon Lightning Spire   Summ/Air       0%         N/A       100%        4
 Freezing Cloud           Conj/Ice/Air   0%         6-21      100%        5
 Lee's Rapid Deconstruct  Erth           0%         3d4*      100%        5
 Simulacrum               Ice/Necr       0%         N/A       100%        6
 Lehudib's Crystal Spear  Conj/Erth      0%         10d2      100%        8


Dungeon Overview and Level Annotations

Branches:
Dungeon (4/15)             Temple (0/1) D:4

Altars:
Cheibriados
Vehumet
Xom

Shops:
D:3 *   D:4 (

Annotations:
D:4 exclusion: oklob sapling


Innate Abilities, Weirdness & Mutations

You cannot be hasted, slowed, berserked, paralysed or teleported.
You can dig through walls and to a lower floor.
You have a pair of large antennae on your head. (SInv)
Your four strong arms can wield two-handed weapons with a shield.


Message History

Found Biojeode's Weapon Shop.
Found a staircase to the Ecumenical Temple.
No target in view!
An oklob sapling comes into view.
Found a pink potion.
Marking area around an oklob sapling as unsafe for travelling.
You slash the plant!
The plant begins to die.
The plant is lightly damaged.
You hit the plant.
The plant begins to die.
You slash the plant!
The plant begins to die.
You slash the plant!
The plant is lightly damaged.
You hit the plant. x2
You hit the plant.
The plant is lightly damaged.
You completely miss the plant. You hit the plant.
A nearby plant withers and dies. x2
A nearby plant withers and dies.
The oklob sapling spits acid at you. The splash of acid hits you!
The acid corrodes you! The oklob sapling spits acid at you.
The splash of acid hits you!!
Ouch! That really hurt!
* * * LOW HITPOINT WARNING * * *
You slash the oklob sapling!
The oklob sapling is heavily damaged.
You slash the plant!
The plant begins to die.
You slash the plant!
The plant begins to die.
You hit the plant but do no damage. The oklob sapling spits acid at you.
You block the splash of acid.
You hit the oklob sapling.
The oklob sapling is severely damaged.
You hit the plant. You hit the plant but do no damage. x2
You hit the oklob sapling but do no damage.
The oklob sapling is severely damaged.
You hit the plant but do no damage. You hit the plant.
The plant begins to die.
You hit the plant. The oklob sapling spits acid at you.
The splash of acid hits you!
You die...

#..............#
#..............#
#..............#######
#.....................
.................#.∩
.....................
###.#..##+##.......#.
..##..P.P..........
#...PP@.........
#.PPPPP.P.......
#..P.>PPP.......
#..PP.!P........
#...PPPP.......
#..P..P.P......
#######........
#########


You could see an oklob sapling.

Vanquished Creatures
  An orc priest (D:3)
  A jelly (D:3)
  An iguana (D:3)
  An orc wizard (D:3)
  A mummy (D:3)
  5 adders
  An ufetubus (D:4)
  A worm (D:2)
  2 dart slugs
  An orc (D:3)
  4 ball pythons
  2 bats (D:1)
  4 endoplasms
  4 giant cockroaches
  7 hobgoblins
  8 jackals
  3 kobolds
  A quokka (D:2)
  5 frilled lizards
  2 goblins (D:2)
  5 rats
  A butterfly (D:4)
61 creatures vanquished.

Notes
Turn   | Place    | Note
-------+----------+-------------------------------------------
     0 | D:1      | ChadusMaximus the Formicid Fighter began the quest for the
                  | Orb.
     0 | D:1      | Reached XP level 1. HP: 18/18 MP: 1/1
     1 | D:1      | Noticed a merfolk zombie
     7 | D:1      | Noticed a merfolk zombie
     8 | D:1      | Noticed a demonspawn zombie
    12 | D:1      | Noticed a demonspawn zombie
    20 | D:1      | Noticed a demonspawn zombie
    57 | D:1      | Reached XP level 2. HP: 24/24 MP: 2/2
   280 | D:1      | Reached XP level 3. HP: 29/29 MP: 3/3
   575 | D:2      | Found a radiant altar of Vehumet.
   752 | D:2      | Reached XP level 4. HP: 37/37 MP: 4/4
  1020 | D:2      | Identified the +9 war axe of Gloom {freeze, Int+4}
  1436 | D:3      | Reached XP level 5. HP: 22/42 MP: 5/5
  1511 | D:3      | Found Tiam's Assorted Antiques.
  1917 | D:3      | Reached skill level 5 in Shields
  1985 | D:3      | Reached XP level 6. HP: 46/49 MP: 6/6
  2137 | D:3      | Found a snail-covered altar of Cheibriados.
  2251 | D:4      | Found a shimmering altar of Xom.
  2351 | D:4      | Found Biojeode's Weapon Shop.
  2351 | D:4      | Found a staircase to the Ecumenical Temple.
  2363 | D:4      | Killed from afar by an oklob sapling

Illustrated notes

Levels and vault maps discovered:
D:1:      shiori_arrival_whats_in_store_for_you, layout_basic
D:2:      minmay_recursive_quarters, layout_loops_ring, basic_altar
D:3:      layout_basic, chei_slow_surprise, serial_glass, glass_columns_b,
          glass_columns_c, glass_columns_c, glass_columns_c, glass_columns_a,
          glass_columns_b, due_unseen_surprise, serial_shops, shop_statue,
          minmay_misc_feat_secret_circle, kennysheep_orc_chapel
D:4:      layout_basic, xom_butterflies, minmay_temple_entry_oklob,
          serial_shops, nicolae_shop_stone, nicolae_shop_tiny_statue_garden,
          nicolae_shop_peninsula, minivault_27, lemuel_flame_loot_1

Skill      XL: |  1  2  3  4  5 |
---------------+----------------+-----
Fighting       | 4 |  4.4
Axes           | 3 |  3.9
Armour         | 4 |  4.4
Shields        | 5 |  5.3

Action                     |  1- 3 |  4- 6 || total
---------------------------+-------+-------++-------
  Melee: War axe           |    72 |   102 ||   174
Ability: Dig               |       |     1 ||     1
 Armour: Scale mail        |    41 |     3 ||    44
         Chain mail        |       |    50 ||    50
  Dodge: Dodged            |    41 |    43 ||    84
  Block: Buckler           |    17 |    29 ||    46
